AoeStats
← [TMG] sandriko

Nomad

509156410Analyzed
4v4 RM · 8d ago on Sep 25, 2026· 44m 55s· 8 players
Game mode
Random Map
Map size
231×231
Population
200
Speed
Normal
Resources
Standard
Victory
Conquest
Starting age
Dark Age
Ending age
Imperial Age
RankedLock teamsTeams togetherTeam positionsShared explorationLock speedFull tech treeHidden civsTurbo modeCheats
Victory
Defeat
🇬🇪 Spanish · Georgia
1643
+14
🇬🇪 Saxons · Georgia
1638
+14
🇬🇪 Turks · Georgia
1625
+14
🇬🇪 Berbers · Georgia
1584
+16
🇨🇭 Chinese · Switzerland
1644
-16
🇩🇪 Wei · Germany
1594
-15
🇧🇷 Koreans · Brazil
1571
-14
🇩🇪 Mongols · Germany
1555
-13
Hommi
4:30 Loom
14:00 Feudal Age
20:46 Castle Age
20:10 Double-Bit Axe
20:54 Fishing Lines
23:20 Husbandry
24:54 Scale Barding Armor
25:01 Horse Collar
26:19 Wheelbarrow
26:54 Town Watch
29:31 Fletching
31:01 Chain Barding Armor
31:28 Bloodlines
32:13 Gold Mining
36:20 Imperial Age
34:11 Forging
35:27 Masonry
38:11 Iron Casting
38:20 Conscription
39:20 Bodkin Arrow
42:11 Elite Tiger Cavalry
Sorrateiro
5:09 Loom
13:25 Feudal Age
13:53 Town Watch
17:32 Castle Age
16:38 Double-Bit Axe
17:27 Fishing Lines
19:59 Bow Saw
19:41 Fletching
19:43 Gold Mining
20:19 Medium Warships
22:07 Bodkin Arrow
22:50 Gold Shaft Mining
26:53 Ballistics
26:45 Horse Collar
30:39 Wheelbarrow
34:01 Imperial Age
33:48 Thumb Ring
33:48 Husbandry
34:44 Bracer
36:29 Two-Man Saw
35:30 Heavy Plow
37:23 Chemistry
36:42 Hand Cart
40:27 Conscription
44:02 Elite War Wagon
komeL '
12:17 Feudal Age
13:46 Loom
17:01 Castle Age
15:48 Fletching
27:20 Town Watch
30:53 Double-Bit Axe
33:01 Gold Mining
34:24 Bodkin Arrow
35:40 Wheelbarrow
35:59 Bow Saw
37:38 Gold Shaft Mining
38:07 Ballistics
37:58 Horse Collar
39:35 Hand Cart
40:22 Bloodlines
40:13 Husbandry
40:32 Padded Archer Armor
41:20 Heavy Plow
42:48 Leather Archer Armor
43:36 Thumb Ring
46:47 Imperial Age
Maelgwyn
2:56 Loom
13:12 Feudal Age
14:23 Double-Bit Axe
16:58 Castle Age
15:46 Gold Mining
15:49 Fishing Lines
16:57 Town Watch
18:10 Bow Saw
22:08 Medium Warships
23:19 Wheelbarrow
23:56 Horse Collar
25:00 Sanctity
26:18 Ballistics
25:57 Fletching
28:45 Bodkin Arrow
29:25 Padded Archer Armor
30:29 Hand Cart
31:23 Leather Archer Armor
34:47 Imperial Age
32:39 Heavy Plow
33:26 Masonry
35:35 Bracer
35:57 Conscription
36:03 Rocketry
35:53 Thumb Ring
36:50 Two-Man Saw
35:18 Capped Ram
38:04 Ring Archer Armor
37:10 Elite Chu Ko Nu
39:14 Chemistry
38:50 Elite Skirmisher
43:21 Architecture
44:49 Coinage
[TMG] Lucipher
14:00 Feudal Age
17:52 Castle Age
16:41 Double-Bit Axe
16:48 Loom
17:09 Fishing Lines
19:01 Bow Saw
18:43 Gillnets
21:10 Padded Archer Armor
21:55 Wheelbarrow
21:49 Gold Mining
24:10 Leather Archer Armor
24:13 Horse Collar
25:36 Hand Cart
30:02 Imperial Age
29:09 Town Watch
31:17 Ring Archer Armor
31:48 Chemistry
31:55 Two-Man Saw
30:57 Heavy Plow
32:24 Bloodlines
32:14 Husbandry
35:17 Ballistics
35:07 Masonry
35:55 Elite Conquistador
36:42 Stone Mining
39:23 Supremacy
42:45 Elite Cannon Galleon
[TMG] purple
4:35 Loom
14:31 Feudal Age
18:45 Castle Age
16:49 Fishing Lines
17:27 Stone Mining
17:24 Double-Bit Axe
18:18 Gold Mining
20:37 Bow Saw
21:25 Gillnets
21:20 Horse Collar
21:52 Fletching
23:49 Bodkin Arrow
25:29 Padded Archer Armor
27:56 Wheelbarrow
30:05 Heavy Plow
32:46 Imperial Age
30:57 Hand Cart
32:45 Leather Archer Armor
33:38 Gold Shaft Mining
33:32 Bloodlines
34:39 Bracer
36:19 Conscription
37:41 Chemistry
37:01 Ballistics
37:45 Ballistics
37:54 Husbandry
39:44 Elite Camel Archer
41:35 Masonry
42:12 Stone Shaft Mining
[TMG] sandriko
5:12 Loom
14:31 Feudal Age
18:15 Castle Age
16:49 Double-Bit Axe
19:40 Bow Saw
22:50 Bow Saw
25:33 Fletching
25:41 Fishing Lines
27:20 Bodkin Arrow
29:25 Scale Mail Armor
31:47 Horse Collar
32:07 Gold Mining
34:02 Chain Mail Armor
36:43 Imperial Age
34:39 Forging
36:25 Iron Casting
36:37 Wheelbarrow
35:47 Town Watch
36:42 Squires
36:28 Arson
36:59 Stone Mining
37:57 Plate Mail Armor
36:50 Shield Wall
37:36 Bracer
38:07 Elite Hearth Troop
39:31 Conscription
40:39 Chemistry
39:51 Pikeman
42:49 Gambesons
[TMG] zv
5:07 Loom
15:17 Feudal Age
16:20 Double-Bit Axe
16:18 Fishing Lines
19:12 Castle Age
17:57 Gold Mining
18:10 Padded Archer Armor
21:09 Leather Archer Armor
22:01 Bow Saw
23:32 Horse Collar
25:44 Town Watch
29:57 Wheelbarrow
33:45 Imperial Age
32:33 Hand Cart
32:38 Fletching
34:35 Bodkin Arrow
35:16 Bracer
35:31 Bloodlines
35:50 Parthian Tactics
35:32 Thumb Ring
35:55 Sipahi
36:42 Ring Archer Armor
36:14 Husbandry
38:47 Conscription
40:07 Heavy Cavalry Archer
42:31 Scale Barding Armor
42:37 Forging
Connection lost

Rejoining the realm…

Still unreachable

The connection could not be restored.

Session expired

The server has moved on; the page needs a fresh start.